 Dungeon Crawl Stone Soup version 0.15-a0-1253-g15b4f57 (webtiles) character file.

29 Quh the Charmwright (level 3, -9/25 HPs)
             Began as a High Elf Skald on June 4, 2014.
             Mangled by an ogre
             ... wielding a +0,+0 giant club
              (11 damage)
             ... on Level 1 of the Dungeon.
             The game lasted 00:05:48 (1120 turns).

Quh the Charmwright (High Elf Skald)                Turns: 1120, Time: 00:05:49

HP  -9/25        AC  3     Str 11      XL: 3   Next:  1%
MP   7/8         EV 11     Int 17      God:
Gold 43          SH  0     Dex 14      Spells:  3 memorised,  1 level left

rFire  . . .     SeeInvis .     a - +0 short sword
rCold  . . .     Clarity  .     b - +0 leather armour
rNeg   . . .     rCorr    .     (no shield)
rPois  .         rRot     .     (no helmet)
rElec  .         Spirit   .     (no cloak)
SustAb .         Warding  .     (no gloves)
rMut   .         Stasis   .     (no boots)
Gourm  .                        (no amulet)
MR     .....                    (no ring)
                                (no ring)

@: not resistant to hostile enchantments, very unstealthy
A: no striking features
a: no special abilities


You were on level 1 of the Dungeon.
You were hungry.

You visited 1 branch of the dungeon, and saw 2 of its levels.

You collected 43 gold pieces.

Inventory:

Hand weapons
 a - a +0,+0 short sword (weapon)
 h - a +0,+0 dagger
 q - a +0,+0 dagger
Missiles
 r - 13 stones (quivered)
Armour
 b - a +0 leather armour (worn)
Comestibles
 d - a bread ration
 i - a slice of pizza
Scrolls
 e - a scroll of random uselessness {unknown}
 f - 2 scrolls of amnesia {unknown}
 k - a scroll of identify {unknown}
 l - a scroll of enchant armour {unknown}
 n - 2 scrolls of fear {unknown}
 p - a scroll of remove curse {unknown}
Jewellery
 g - a cursed ring of loudness {unknown}
 j - a cursed +5 ring of strength {unknown}
Potions
 m - a potion of agility {unknown}
Books
 c - a book of Battle

   Spells                             Type                      Level
   *Infusion                          Charms                       1
   *Shroud of Golubria                Charms/Translocation         2
   *Song of Slaying                   Charms                       2
   Spectral Weapon                    Hexes/Charms                 3
   Regeneration                       Charms/Necromancy            3


   Skills:
 * Level 2.3 Fighting
 * Level 2.8 Short Blades
 - Level 0.8 Armour
 * Level 2.2 Dodging
 - Level 2.4 Spellcasting
 * Level 3.9 Charms


You had one spell level left.
You knew the following spells:

 Your Spells              Type           Power        Failure   Level  Hunger
a - Infusion              Chrm           ###...       3%          1    #......
b - Shroud of Golubria    Chrm/Tloc      #.........   14%         2    ##.....
c - Song of Slaying       Chrm           ###.....     6%          2    ##.....


Dungeon Overview and Level Annotations

Branches:
Dungeon (2/15)

Altars:


Message History

* * * LOW HITPOINT WARNING * * *
You hit the green rat.
The green rat is moderately wounded.
The green rat closely misses you.
A rat comes into view.
The rat moves out of view.
A giant newt comes into view.
There is a stone staircase leading down here.
Your magical infusion is running out.
There is a stone staircase leading up here.
The green rat bites you.
* * * LOW HITPOINT WARNING * * *
You climb upwards.
You are no longer magically infusing your attacks.
The ogre closely misses you.
There is a stone staircase leading down here.
The green rat misses you.
The green rat twitches its whiskers.
The ogre hits you with a giant club!
You die...

#.# ###..##....#.##
#.# #....#.....'##.
#.# ####>#......##.
#.# ##...##....#.
#)#### #...##.....##
#.)..# ##............
#....# ##...###...8...
#....###....###.......
#.#..@O).....##.......
#.#.....r..#...#######
#.............>.......
######################


You could see an ogre and a green rat.

Vanquished Creatures
  A green rat (D:2)
  An ooze (D:1)
  A giant cockroach (D:1)
  3 hobgoblins (D:1)
  A ball python (D:1)
  4 bats (D:1)
  A giant newt (D:2)
  5 goblins
  2 kobolds (D:1)
  A rat (D:1)
20 creatures vanquished.

Notes
Turn   | Place    | Note
--------------------------------------------------------------
     0 | D:1      | Quh, the High Elf Skald, began the quest for the Orb.
     0 | D:1      | Reached XP level 1. HP: 14/14 MP: 4/4
   339 | D:1      | Reached XP level 2. HP: 19/19 MP: 6/6
   802 | D:1      | Learned a level 2 spell: Shroud of Golubria
   805 | D:1      | Learned a level 2 spell: Song of Slaying
   858 | D:2      | Noticed an ogre
  1076 | D:2      | Reached XP level 3. HP: 7/25 MP: 5/8
  1084 | D:2      | HP: 1/25 [green rat (4)]
  1110 | D:2      | HP: 1/25 [green rat (2)]
  1120 | D:1      | Mangled by an ogre

Action                   || total
-------------------------++-------
Melee: Short sword       ||    66
 Cast: Infusion          ||     9
       Shroud of Golubri ||     2
